 Dungeon Crawl Stone Soup version 0.22-a0-81-g7478db5 (webtiles) character file.

236 KristoblXynda the Conjurer (level 5, -1/28 HPs)
             Began as a Deep Elf Conjurer on Jan 18, 2018.
             Succumbed to a gnoll's poison
             ... on level 3 of the Dungeon.
             The game lasted 00:05:13 (3345 turns).

KristoblXynda the Conjurer (Deep Elf Conjurer)      Turns: 3345, Time: 00:05:13

Health: -1/28      AC:  3    Str:  5    XL:     5   Next: 77%
Magic:  12/15      EV: 13    Int: 21    God:
Gold:   203        SH:  0    Dex: 19    Spells: 8/16 levels left

rFire    + . .     SeeInvis .   s - +0 dagger
rCold    . . .     Gourm    .   (no shield)
rNeg     . . .     Faith    .   a - +0 robe
rPois    .         Spirit   .   (no helmet)
rElec    .         Reflect  .   (no cloak)
rCorr    .         Harm     .   h - +0 pair of gloves
MR       .....                  (no boots)
Stlth    ++........             (no amulet)
HPRegen  0.09/turn              l - +4 ring of dexterity
MPRegen  0.14/turn              t - ring of protection from fire

@: lethally poisoned (-1 -> -19)
A: no striking features
a: no special abilities


You were on level 3 of the Dungeon.
You were hungry.

You visited 1 branch of the dungeon, and saw 4 of its levels.

You collected 203 gold pieces.

Inventory:

Hand Weapons
 s - a +0 dagger (weapon)
Armour
 a - a +0 robe (worn)
 h - a +0 pair of gloves (worn)
Jewellery
 l - a +4 ring of dexterity (left hand)
 t - a ring of protection from fire (right hand)
 v - an uncursed ring of see invisible {unknown}
Wands
 o - a wand of clouds (8)
 A - a wand of polymorph (9)
 B - a wand of paralysis (18)
Scrolls
 d - 4 scrolls of remove curse {unknown}
 e - a scroll of enchant weapon {unknown}
 f - a scroll of magic mapping
 g - 8 scrolls of identify {unknown}
 m - 2 scrolls of enchant armour {unknown}
 p - a scroll of amnesia {unknown}
 y - a scroll of fog {unknown}
Potions
 i - a potion of cancellation
 j - 2 potions of agility {unknown}
 k - a potion of heal wounds {unknown}
 n - a potion of curing
 q - 3 potions of flight {unknown}
 r - a potion of might {unknown}
 u - 3 potions of mutation {unknown}
 w - a potion of berserk rage {unknown}
 x - 4 potions of brilliance {unknown}
 z - a potion of lignification {unknown}
Books
 b - a book of Conjurations

   Spells                             Type                      Level
   a - Magic Dart                     Conjuration                  1
   b - Searing Ray                    Conjuration                  2
   c - Dazzling Spray                 Conjuration/Hexes            3
   d - Fulminant Prism                Conjuration/Hexes            4
   e - Force Lance                    Conjuration/Translocation    4
   f - Iskenderun's Mystic Blast      Conjuration                  4
Comestibles
 c - 8 rations


   Skills:
 - Level 2.4 Dodging
 - Level 2.4 Stealth
 + Level 6.1 Spellcasting
 + Level 6.3 Conjurations


You had 8 spell levels left.
You knew the following spells:

 Your Spells              Type           Power        Failure   Level  Hunger
a - Magic Dart            Conj           ####         1%          1    None
b - Dazzling Spray        Conj/Hex       ###...       8%          3    ##.....
c - Iskenderun's Mystic   Conj           ####....     7%          4    ####...


Dungeon Overview and Level Annotations

Branches:
Dungeon (4/15)
 Temple: D:4-7

Altars:
Hepliaklqana
Makhleb
Nemelex Xobeh


Message History

Aim: a gnoll, wielding a halberd of venom The magic dart hits the gnoll.
You feel sick.
Unknown command.
You feel sick.
It was a potion of cancellation.
You feel magically purged.
You feel sick. The gnoll closely misses you.
As you read the scroll labeled DOUL FODWOCAOF, it crumbles to dust.
You feel aware of your surroundings.
It was a scroll of magic mapping.
You feel sick. The gnoll misses you.
It was a potion of curing.
You feel better.
The gnoll hits you from afar with a halberd of venom!
The gnoll barely misses you.
You see here 18 arrows.
There is an escape hatch in the ceiling here.
There is a stone staircase leading up here.
The gnoll hits you from afar with a halberd of venom!
* * * LOW HITPOINT WARNING * * *
You are lethally poisoned!
You climb upwards.
You die...

#.......#...# #..
###.....###.#####..
#.................
#.......##.#####..
#.....#.##.#####..
#....(#.......##..
#..#..#.##.##.##..
##..........##.####
#.@......(........+
#.^.......####.####
#....#.#.## #.# #
#.........# #.# #
#........## #.#
###......# #.####
#......# ###.##<#
#(.....# #.......
#......# #..)....


There were no monsters in sight!

Vanquished Creatures
  10 adders
  7 gnolls
  3 worms
  3 dart slugs
  3 leopard geckos
  4 orcs
  3 giant cockroaches
  4 goblins
  3 hobgoblins
  3 ball pythons
  10 bats
  3 frilled lizards
  5 kobolds
  11 rats
72 creatures vanquished.

Notes
Turn   | Place    | Note
-------+----------+-------------------------------------------
     0 | D:1      | KristoblXynda the Deep Elf Conjurer began the quest for the Orb.
     0 | D:1      | Reached XP level 1. HP: 10/10 MP: 6/6
   176 | D:1      | Reached XP level 2. HP: 15/15 MP: 4/8
   744 | D:1      | Reached skill level 5 in Conjurations
   744 | D:1      | Reached XP level 3. HP: 19/19 MP: 6/10
   749 | D:1      | Learned a level 3 spell: Dazzling Spray
  1346 | D:2      | Reached XP level 4. HP: 22/24 MP: 8/12
  1458 | D:2      | Reached skill level 5 in Spellcasting
  1648 | D:2      | Found a hazy altar of Hepliaklqana.
  2256 | D:3      | Reached XP level 5. HP: 28/28 MP: 9/14
  2489 | D:3      | Learned a level 4 spell: Iskenderun's Mystic Blast
  3120 | D:3      | Found a burning altar of Makhleb.
  3220 | D:4      | Found a sparkling altar of Nemelex Xobeh.
  3345 | D:3      | Succumbed to a gnoll's poison

Vault maps used:
D:1:      dpeg_arrival_prison
D:2:      lemuel_doored_altar, minmay_split_cup_small
D:3:      marbit_many_paths, first_ration, minmay_stone_trees_medium,
          kennysheep_cross_room
D:4:      nemelex_lonely_heart_becter

Skill      XL: |  1  2  3  4  5 |
---------------+----------------+-----
Spellcasting   | 4 5 6 |  6.1
Conjurations   | 5 6 |  6.3
Dodging        | |  2.4
Stealth        | |  2.4

Action                   |  1- 3 |  4- 6 || total
-------------------------+-------+-------++-------
Melee: Unarmed           |     1 |       ||     1
 Cast: Magic Dart        |    61 |    98 ||   159
  Use: Potion            |       |     2 ||     2
       Scroll            |       |     1 ||     1
  Eat: Chunk             |     1 |     2 ||     3
       Ration            |       |     1 ||     1
Dodge: Dodged            |     4 |    12 ||    16

Table legend:
 A = Spawn XP
 B = Non-spawn XP
 C = Spawn XP percentage of total XP
 D = Spawn monster count
 E = Non-spawn monster count
 F = Spawn count percentage of total count
 G = Total turns spent on level
                    A         B        C        D         E        F      G
               +---------+---------+-------+---------+---------+-------+---------
         Total |       0 |     338 |   0.0 |       0 |      72 |   0.0 |  3345
               +---------+---------+-------+---------+---------+-------+---------
           D:1 |       0 |      43 |   0.0 |       0 |      17 |   0.0 |   877
           D:2 |       0 |     149 |   0.0 |       0 |      30 |   0.0 |  1357
           D:3 |       0 |     104 |   0.0 |       0 |      22 |   0.0 |   921
           D:4 |       0 |      42 |   0.0 |       0 |       3 |   0.0 |   190
               +---------+---------+-------+---------+---------+-------+---------
